 Dungeon Crawl Stone Soup version 0.30-a0-883-g5ad918d77d (webtiles) character file.

Game seed: 6976081720426159094

29 Iich the Trooper (level 3, 29/29 HPs)
             Began as a Demonspawn Fighter on Mar 16, 2023.
             Got out of the dungeon alive.
             The game lasted 00:01:24 (880 turns).

Iich the Trooper (Demonspawn Fighter)                Turns: 880, Time: 00:01:25

Health: 29/29      AC:  7    Str: 16    XL:     3   Next: 1%
Magic:  3/3        EV:  8    Int:  9    God:
Gold:   43         SH:  4    Dex: 14    Spells: 2/2 levels left

rFire   . . .      SeeInvis .    a - +0 war axe
rCold   . . .      Faith    .    c - +0 buckler
rNeg    . . .      Spirit   .    b - +0 scale mail
rPois   .          Reflect  .    (no helmet)
rElec   .          Rampage  .    (no cloak)
rCorr   .                        e - +0 pair of gloves
Will    .....                    (no boots) Stlth
                                 (no amulet)
HPRegen 0.24/turn                (no ring)
MPRegen 0.08/turn                (no ring)

@: no status effects
A: claws 1, demonic guardian 1
a: no special abilities


You escaped.
You visited 1 branch of the dungeon, and saw 2 of its levels.

You collected 43 gold pieces.

Inventory:

Hand Weapons
 a - a +0 war axe (weapon)
Armour
 b - a +0 scale mail (worn)
 c - a +0 buckler (worn)
 e - a +0 pair of gloves (worn)
Scrolls
 g - a scroll of fog {unknown}
 h - a scroll of poison {unknown}
 i - a scroll of vulnerability
 k - a scroll of acquirement {unknown}
Potions
 d - a potion of might
 f - a potion of lignification {unknown}
 j - a potion of magic {unknown}


   Skills:
 + Level 3.4 Fighting
 * Level 2.8 Axes
 - Level 2.6 Armour
 - Level 2.6 Shields


You had 2 spell levels left.
You didn't know any spells.
Your spell library contained the following spells:

 Spells                   Type           Power      Damage    Failure   Level
 Sandblast                Erth           0%         2d4       89%         1
 Lesser Beckoning         Tloc           0%         N/A       96%         2
 Passwall                 Tmut/Erth      0%         N/A       96%         2
 Gell's Gravitas          Tloc           0%         N/A       99%         3
 Stone Arrow              Conj/Erth      0%         3d7       99%         3
 Teleport Other           Tloc           0%         N/A       99%         3
 Anguish                  Hex/Necr       0%         N/A       100%        4
 Enfeeble                 Hex            0%         N/A       100%        7


Dungeon Overview and Level Annotations

Branches:
Dungeon (2/15)

Altars:


Innate Abilities, Weirdness & Mutations

You have sharp fingernails.
A weak demonic guardian rushes to your aid.


Message History

You now have 43 gold pieces (gained 15).
Found a stone staircase leading up.
Found a leather armour.
There is a stone staircase leading up here.
A dart slug comes into view.
The dart slug launches a dart at you. The slug dart hits you.
You take 6 damage, and have 18/24 hp. !!!!--MASSIVE DAMAGE--!!!!
Found 11 gold pieces.
You hit the dart slug.
The dart slug is lightly wounded.
The dart slug closely misses you.
You hit the dart slug.
The dart slug is heavily wounded.
The dart slug launches a dart at you.
The slug dart hits you but does no damage.
You slash the dart slug!
You kill the dart slug!
You have reached level 3!
Your experience leads to an increase in your attributes!
Increase (s)trength, (i)ntelligence, or (d)exterity?
You feel agile. x2
You feel monstrous as your demonic heritage exerts itself.
Your demonic ancestry asserts itself...
Your fingernails lengthen.
You regained 5 hp, and now have 23/29 hp.
MP restored: 3
(D) Dungeon
Where to? (Enter - D:2, ? - help)
What level of the Dungeon? (default 1, ? - help)
There is a stone staircase leading up here.
You climb upwards.
There is a stone staircase leading down here.
HP restored.
There is an open door here.
There is a fountain of clear blue water here.
There is a staircase leading out of the dungeon here.
Health restored: 29 Are you sure you want to leave the Dungeon?
This will make you lose the game!
You have escaped!

#.........# #.######..#
..######..##############
.......)...............#
########......#####....#
#......#...#....##
#.##.###.⌠.###...# ##
#.##.#.......#.#.# .###
#.##.+.⌠.@.⌠.'.#.### ...#
#.##.#.......#.....###
.#.#####.##.###.⌠.###.......#
.........##...#...#...#.#.#.#
..............#####.....#.#.#
##.#######.............##.#.#
.......# ########..######.#.#
##.###.# #..# #...# ...# #.#
########..# ##..#


There were no monsters in sight!

Vanquished Creatures
  A dart slug (D:2)
  4 bats (D:1)
  An endoplasm (D:1)
  3 giant cockroaches (D:1)
  A goblin (D:1)
  4 jackals (D:1)
  3 kobolds (D:1)
  2 quokkas (D:1)
  A ball python (D:1)
  2 frilled lizards (D:1)
  2 rats (D:1)
24 creatures vanquished.

Notes
Turn   | Place    | Note
-------+----------+-------------------------------------------
     0 | D:1      | Iich the Demonspawn Fighter began the quest for the Orb.
     0 | D:1      | Reached XP level 1. HP: 18/18 MP: 1/1
   173 | D:1      | Gained mutation: A weak demonic guardian rushes to your
                  | aid. [demonic ancestry]
   173 | D:1      | Reached XP level 2. HP: 20/24 MP: 2/2
   846 | D:2      | Discovered your monstrous ancestry.
   846 | D:2      | Gained mutation: You have sharp fingernails. [demonic
                  | ancestry]
   846 | D:2      | Reached XP level 3. HP: 23/29 MP: 3/3
   880 | D:$      | Got out of the dungeon alive.

Illustrated notes

Levels and vault maps discovered:
D:1:      dpeg_arrival_simpleton_c, layout_loops_ring
D:2:      layout_loops_ring

Skill      XL: |  1 |
---------------+----+-----
Axes           | 2 |  2.8
Fighting       | |  3.4
Armour         | |  2.6
Shields        | |  2.6

Action                     || total
---------------------------++-------
  Melee: War axe           ||    69
    Use: Scroll            ||     1
 Armour: Scale mail        ||    40
  Dodge: Dodged            ||    34
  Block: Buckler           ||    17

Table legend: (Time is in decaauts)
 A = Elapsed time spent in this place.
 B = Non-inter-level travel time spent in this place.
 C = Inter-level travel time spent in this place.
 D = Time resting spent in this place.
 E = Time spent auto-exploring this place.
 F = Levels seen in this place.
 G = Mean time per level.
                   A        B        C        D        E       F      G
               +--------+--------+--------+--------+--------+-----+--------+
         Total |    909 |    851 |     58 |      0 |    663 |   2 |  454.5 |
       Dungeon |    909 |    851 |     58 |      0 |    663 |   2 |  454.5 |
               +--------+--------+--------+--------+--------+-----+--------+

Top non-repeatable levels by time:
     D:1: 854 daAuts
     D:2: 54 daAuts
